 Dungeon Crawl Stone Soup version 0.31-a0-826-ga5cc291a1b (webtiles) character file.

Game seed: 7141298449039123742

104 qw the Shooter (level 4, 0/28 HPs)
             Began as a Gargoyle Hunter on Sept 23, 2023.
             Slain by an orc wizard
             ... wielding a +0 dagger
              (3 damage)
             ... on level 3 of the Dungeon.
             The game lasted 00:00:34 (1750 turns).

qw the Shooter (Gargoyle Hunter)                    Turns: 1750, Time: 00:00:35

Health: 0/28       AC: 12    Str: 15    XL:     4   Next: 80%
Magic:  4/4        EV: 11    Int:  9    God:
Gold:   56         SH:  0    Dex: 15    Spells: 3/3 levels left

rFire   . . .        Y - +2 shortbow
rCold   . . .        (shield currently unavailable)
rNeg    + . .        c - +0 leather armour
rPois   inf          e - +0 helmet
rElec   +            l - +0 cloak
rCorr   .            (no gloves)
SInv    .            (no boots)
Will    .....        (no amulet)
Stlth   +            h - +4 ring of protection
HPRegen 0.24/turn    (no ring)
MPRegen 0.09/turn

%: no passive effects
@: confused
A: sickness immunity, AC +3, negative energy resistance 1, electricity
resistance, torment resistance 1, petrification resistance
a: no special abilities


You were on level 3 of the Dungeon.
You visited 1 branch of the dungeon, and saw 3 of its levels.

You collected 119 gold pieces.
You spent 63 gold pieces at shops.


Innate Abilities, Weirdness & Mutations

You are immune to sickness and miasma.
Your stone body is resilient. (AC +3)
You are immune to poison.
You resist negative energy. (rN+)
You are resistant to electric shocks. (rElec)
You are resistant to unholy torment.
You are immune to petrification.


   Skills:
 - Level 3.0 Fighting
 + Level 5.4 Ranged Weapons
 - Level 1.5 Armour
 - Level 1.5 Dodging
 - Level 1.1 Stealth


You had 3 spell levels left.
You didn't know any spells.
Your spell library was empty.

Inventory:

Hand Weapons
 Y - a +2 shortbow (weapon)
Armour
 c - a +0 leather armour (worn)
 d - a +0 ring mail
 e - a +0 helmet (worn)
 l - a +0 cloak (worn)
Jewellery
 h - a +4 ring of protection (left hand)
Scrolls
 a - a scroll of identify
 f - a scroll of teleportation {unknown}
Potions
 b - a potion of enlightenment {unknown}
 g - a potion of mutation {unknown}
 i - a potion of resistance {unknown}
 j - a potion of invisibility {unknown}

Dungeon Overview and Level Annotations

Branches:
Dungeon (3/15)

Altars:

Shops:
D:2 [


Message History

Enter note: You shoot an arrow.
The gnoll shouts!
The arrow hits the orc!
You kill the orc!
The orc hits you but does no damage.
A gnoll comes into view. It is wielding a +0 flail.
The orc hits you with a +0 hand axe. Something hits you but does no damage.
The kobold hits you but does no damage.
You shoot an arrow. The arrow hits the orc!
You kill the orc!
The orc misses you.
The kobold hits you with a +0 short sword.
Something hits you but does no damage.
You shoot an arrow. The arrow barely misses the gnoll.
The orc hits you with a +0 club. Something completely misses you.
The kobold closely misses you. The gnoll closely misses you.
You shoot an arrow. The arrow hits the gnoll.
The gnoll is lightly wounded.
The orc hits you but does no damage. Something hits you but does no damage.
The kobold barely misses you. The gnoll barely misses you.
You shoot an arrow. The arrow hits the gnoll.
The gnoll is lightly wounded.
The orc barely misses you. The gnoll hits you with a +0 flail!
You hear some strange, mumbled words.
You are confused.
The gnoll closely misses you. The kobold closely misses you.
The orc hits you with a +0 club. The gnoll closely misses you.
The kobold hits you but does no damage. The gnoll closely misses you.
Something hits you but does no damage. The gnoll barely misses you.
Something hits you but does no damage. The gnoll barely misses you.
The gnoll hits you but does no damage. The orc hits you with a +0 club.
The kobold hits you but does no damage. The gnoll hits you with a +0 flail.
You hear some strange, mumbled words.
A puff of flame appears from out of thin air!
The puff of flame misses you. The gnoll closely misses you.
The gnoll barely misses you. The orc barely misses you.
The kobold barely misses you. The gnoll hits you but does no damage.
Something hits you.
You die...

####'### #.#..
######+#######.#..
#..............#..
#####.................
#.....................
#...............>.....
.##...og....#########...
.....g{@....# #...
.).."gg)K...# #.).
............# #...
'##.........# #...
#........<# #...
#.........# #...
.>.........# #...
...........# #...
..########## ####


You could see 4 gnolls, an orc and a kobold.

Vanquished Creatures
  An orc wizard (D:3)
  3 adders (D:2)
  A worm (D:2)
  A dart slug (D:2)
  6 orcs (D:3)
  A ball python (D:2)
  5 endoplasms
  A giant cockroach (D:2)
  4 goblins
  3 hobgoblins
  A quokka (D:1)
  3 bats
  2 frilled lizards
  6 kobolds
  2 rats (D:1)
40 creatures vanquished.

Notes
Turn   | Place    | Note
-------+----------+-------------------------------------------
     0 | D:1      | qw the Gargoyle Hunter began the quest for the Orb.
     0 | D:1      | Reached XP level 1. HP: 12/12 MP: 1/1
     0 | D:1      | 0 ||| qw: Version: 0.3-a-83-gcd0e7d8
     0 | D:1      | 0 ||| qw: Game counter: 1869
     0 | D:1      | 0 ||| qw: Melee chars always use a shield: true
     0 | D:1      | 0 ||| qw: God list: Okawaru
     0 | D:1      | 0 ||| qw: Allow faded altars: false
     0 | D:1      | 0 ||| qw: Do Orc after clearing Dungeon:15 true
     0 | D:1      | 0 ||| qw: Do second Lair branch before Depths: true
     0 | D:1      | 0 ||| qw: Lair rune preference: random
     0 | D:1      | 0 ||| qw: Goals: Normal
     0 | D:1      | 0 ||| PLANNING D:1-11
    72 | D:1      | Reached XP level 2. HP: 17/17 MP: 2/2
   785 | D:1      | 785 ||| UPGRADING to +0 helmet.
   790 | D:1      | 790 ||| UPGRADING to +4 ring of protection.
   791 | D:1      | 791 ||| READING 2 scrolls labelled PILIPL JEXIO.
   792 | D:1      | 792 ||| READING scroll of enchant weapon.
   792 | D:1      | 792 ||| ENCHANTING +1 shortbow.
   793 | D:1      | 793 ||| DROPPING scroll of butterflies.
   866 | D:2      | Reached XP level 3. HP: 21/21 MP: 3/3
   871 | D:2      | Reached skill level 5 in Ranged Weapons
   915 | D:2      | Found a faded altar of an unknown god.
   929 | D:2      | Reached skill level 3 in Fighting
   998 | D:2      | Reached XP level 4. HP: 28/28 MP: 4/4
  1389 | D:2      | Found Loaleb's Armour Emporium.
  1393 | D:2      | 1393 ||| BUYING +0 cloak (63 gold).
  1393 | D:2      | Bought a +0 cloak for 63 gold pieces
  1393 | D:2      | 1393 ||| SHOPLISTING +2 hat (224 gold, have 56).
  1556 | D:2      | 1556 ||| UPGRADING to +0 cloak.
  1561 | D:2      | 1561 ||| READING 2 scrolls labelled UDIUHE ZEIROSY.
  1562 | D:2      | 1562 ||| READING scroll labelled CULIAM PEIRIHA.
  1563 | D:2      | 1563 ||| READING scroll labelled IQADGH UHIS.
  1564 | D:2      | 1564 ||| DRINKING 2 emerald potions.
  1605 | D:3      | 1605 ||| DRINKING potion of curing.
  1605 | D:3      | 1605 ||| (to cure confusion)
  1608 | D:3      | Reached skill level 1 in Armour
  1735 | D:3      | 1735 ||| Stepping ~*~*~tactically~*~*~ (retreating).
  1748 | D:3      | HP: 2/28 [gnoll/+0 flail (6)]
  1750 | D:3      | Slain by an orc wizard

Levels and vault maps discovered:
D:1:      kennysheep_arrival_seaside, layout_basic
D:2:      layout_rooms, serial_forest, infiniplex_forest_straight_2,
          infiniplex_forest_lined_3, infiniplex_forest_clump_curved,
          infiniplex_forest_lined_4_way, infiniplex_forest_straight_2,
          infiniplex_forest_clump_medium, infiniplex_forest_zigzag_1,
          shapermc_ecumenical_altar_mp_ritualfount, serial_shops,
          nicolae_shop_back_alley_shop, st_stairs_10, minmay_vboxes
D:3:      layout_basic, lemuel_tele_altar, minmay_misc_feat_square

Skill      XL: |  1  2  3  4 |
---------------+-------------+-----
Ranged Weapons | 5 |  5.4
Fighting       | 3 |  3.0
Armour         | 1 |  1.5
Dodging        | |  1.5
Stealth        | |  1.1

Action                     |  1- 3 |  4- 6 || total
---------------------------+-------+-------++-------
   Fire: Shortbow          |    82 |    33 ||   115
    Use: Scroll            |     2 |     3 ||     5
         Potion            |       |     2 ||     2
 Armour: Leather armour    |    25 |    31 ||    56
  Dodge: Dodged            |    36 |    25 ||    61

Table legend:
 A = Non-vault XP
 B = Vault XP
 C = Vault XP percentage of total XP
 D = Non-vault monster count
 E = Vault monster count
 F = Vault count percentage of total count
                 A         B        C        D         E       F
            +---------+---------+-------+---------+---------+-------
      Total |     106 |      43 |  28.9 |      29 |      11 |  27.5
            +---------+---------+-------+---------+---------+-------
        D:1 |      20 |       0 |   0.0 |      12 |       0 |   0.0
        D:2 |      29 |      43 |  59.7 |       8 |      11 |  57.9
        D:3 |      57 |       0 |   0.0 |       9 |       0 |   0.0
            +---------+---------+-------+---------+---------+-------
